[Event "Team 45 45 League T48"]
[Site "Internet Chess Club"]
[Date "2011.03.19"]
[Round "6"]
[White "cazj"]
[Black "Helaman"]
[Result "0-1"]
[WhiteElo "1296"]
[BlackElo "1439"]
[Opening "Four knights: Italian variation"]
[ECO "C47"]
[Time "19:05:21"]
[TimeControl "2700+45"]

1. e4 e5 2. Nf3 Nf6 3. Nc3 Nc6 4. Bc4 Nxe4 5. Qe2 Nxc3 6. bxc3 d5 7. Bb5 Bd6 8.
Nxe5 O-O 9. Nxc6 bxc6 10. Bxc6 Bd7 11. Bxd7 Qxd7 12. O-O f5 13. d4 f4 14. Qf3
Kh8 15. Qxd5 f3 16. g3 Qh3 17. Re1 Qg2# {White checkmated} 0-1

[Event "Team 45 45 League T48"]
[Site "Internet Chess Club"]
[Date "2011.03.21"]
[Round "6"]
[White "kidcobra"]
[Black "KyleMayhugh"]
[Result "0-1"]
[WhiteElo "1611"]
[BlackElo "1429"]
[Opening "Scotch gambit: Dubois-Réti defense"]
[ECO "C55"]
[Time "08:05:26"]
[TimeControl "2700+45"]

1. e4 e5 2. Nf3 Nc6 3. d4 exd4 4. Bc4 Nf6 5. e5 d5 6. Bb5 Ne4 7. Nxd4 Qh4 8.
Bxc6+ bxc6 9. Be3 Bg4 10. Nf3 Qh5 11. Nbd2 Nxd2 12. Bxd2 Bxf3 13. Qxf3 Qxe5+ 14.
Qe3 Qxe3+ 15. Bxe3 Bd6 16. O-O Kd7 17. Bd4 f6 18. Rfe1 a6 19. Kf1 Rhe8 20. Rxe8
Rxe8 21. Re1 Rxe1+ 22. Kxe1 Be5 23. Bxe5 fxe5 24. Kd2 Kd6 25. f3 Kc5 26. Kd3 a5
27. a3 Kd6 28. c3 h6 29. g4 g5 30. h3 Kc5 31. b3 Kb5 32. a4+ Kc5 33. Ke3 d4+ 34.
Kd3 Kd5 35. b4 axb4 36. cxb4 c5 37. b5 c4+ 38. Kd2 Kc5 39. Kc2 Kb4 40. b6 cxb6
41. h4 Kxa4 42. hxg5 hxg5 43. f4 exf4 44. Kb2 f3 45. Ka2 f2 46. Kb2 f1=Q 47. Ka2
Qf3 48. Kb2 Qxg4 49. Ka2 Qg3 50. Kb2 Qf3 51. Ka2 g4 52. Kb2 g3 53. Ka2 g2 54.
Kb2 g1=Q 55. Ka2 Qgg2+ 56. Ka1 Qff1# {White checkmated} 0-1

[Event "Team 45 45 League T48"]
[Site "Internet Chess Club"]
[Date "2011.03.18"]
[Round "6"]
[White "BrianWood"]
[Black "tryanything"]
[Result "1/2-1/2"]
[WhiteElo "1441"]
[BlackElo "1564"]
[Opening "Ruy Lopez: Schliemann defense"]
[ECO "C63"]
[Time "19:25:37"]
[TimeControl "2700+45"]

1. e4 e5 2. Nf3 Nc6 3. Bb5 f5 4. d3 fxe4 5. dxe4 d6 6. Nc3 Nf6 7. O-O Be7 8. Bc4
Na5 9. Bb3 Nxb3 10. axb3 O-O 11. Re1 Bg4 12. Nd5 Nxd5 13. Qxd5+ Kh8 14. Qxb7
Bxf3 15. gxf3 Rxf3 16. Re3 Rxe3 17. Bxe3 c5 18. Rxa7 Rxa7 19. Qxa7 {Game drawn
by mutual agreement} 1/2-1/2

[Event "Team 45 45 League T48"]
[Site "Internet Chess Club"]
[Date "2011.03.19"]
[Round "6"]
[White "KidRattler"]
[Black "Burbia"]
[Result "1-0"]
[WhiteElo "1185"]
[BlackElo "1332"]
[Opening "French: advance, Paulsen attack"]
[ECO "C02"]
[Time "18:00:44"]
[TimeControl "2700+45"]

1. e4 e6 2. d4 d5 3. e5 c5 4. c3 Nc6 5. Nf3 Qb6 6. dxc5 Bxc5 7. Qe2 Bd7 8. Be3
Bxe3 9. fxe3 Nge7 10. Na3 a6 11. c4 Na5 12. Qd2 Nf5 13. b3 Qxe3+ 14. Qxe3 Nxe3
15. cxd5 Nxf1 16. dxe6 Bxe6 17. Rxf1 Rc8 18. Kd2 O-O 19. Ke2 b5 20. Rfc1 b4 21.
Nc2 Bf5 22. Ne3 Be6 23. Rxc8 Rxc8 24. Kd1 Rc3 25. Ke2 Nb7 26. Rd1 Rc7 27. Kd2
Rd7+ 28. Kc2 Rxd1 29. Kxd1 h6 30. Kc2 Nc5 31. Nd4 Bd7 32. Nd5 Kh7 33. Nxb4 f6
34. exf6 gxf6 35. Kc3 Ne4+ 36. Kc4 Nd2+ 37. Kd5 a5 38. Nbc6 Nf1 39. Nxa5 Nxh2
40. b4 Ng4 41. Ke4 Ne5 42. b5 Nc4 43. Nxc4 Bxb5 44. Nxb5 {Black resigns} 1-0

[Event "Team 45 45 League T48"]
[Site "Internet Chess Club"]
[Date "2011.03.18"]
[Round "6"]
[White "crazyhorses"]
[Black "Gilguli"]
[Result "1-0"]
[WhiteElo "1603"]
[BlackElo "1436"]
[Opening "Réti opening"]
[ECO "A04"]
[Time "16:00:08"]
[TimeControl "2700+45"]

1. Nf3 Nc6 2. g3 e5 3. d3 Nf6 4. Nbd2 Bc5 5. Bg2 d6 6. O-O Be6 7. c3 Qd7 8. Qc2
h6 9. e4 g5 10. b4 Bb6 11. Nc4 g4 12. Nfd2 h5 13. a4 a6 14. Nxb6 cxb6 15. Nc4
Bxc4 16. dxc4 h4 17. Bg5 Qe6 18. Bxh4 Rxh4 19. gxh4 Qxc4 20. Rad1 O-O-O 21. Rd2
Nh5 22. Rfd1 Kc7 23. Bf1 Qe6 24. b5 axb5 25. axb5 Ne7 26. Qa4 Ng6 27. Bc4 Qf6
28. Be2 Ngf4 29. Qc4+ Kb8 30. Bxg4 Qxh4 31. f3 Nh3+ 32. Kf1 N3f4 33. Ra1 Nf6 34.
Rda2 {Black resigns} 1-0

[Event "Team 45 45 League T48"]
[Site "Internet Chess Club"]
[Date "2011.03.17"]
[Round "6"]
[White "kanhok-xul"]
[Black "mongmong"]
[Result "1/2-1/2"]
[WhiteElo "1431"]
[BlackElo "1628"]
[Opening "French defense"]
[ECO "A04"]
[Time "22:00:59"]
[TimeControl "2700+45"]

1. Nf3 e6 2. e4 d5 3. exd5 exd5 4. d4 Nf6 5. Bd3 Bd6 6. Qe2+ Qe7 7. Qxe7+ Bxe7
8. O-O O-O 9. Bf4 Bg4 10. Nbd2 c6 11. Rfe1 Re8 12. Re3 Nbd7 13. Rae1 Bf8 14.
Rxe8 Rxe8 15. Rxe8 Nxe8 16. Ne5 Nxe5 17. Bxe5 Bd6 18. f3 Bxe5 19. dxe5 Bd7 20.
c4 dxc4 21. Nxc4 b6 22. a3 Nc7 23. Nd6 h6 24. Kf2 Kf8 25. Bc4 Ne6 26. g3 g6 27.
h4 Ke7 28. Ne4 Nd8 29. Ke3 Be6 30. Bxe6 Nxe6 31. f4 a5 32. Nd6 b5 33. Ne4 Nc7
34. Kd4 Na6 35. Nc5 Nc7 36. Ne4 Na6 37. Nc5 Nc7 {Game drawn by mutual agreement}
1/2-1/2

[Event "Team 45 45 League T48"]
[Site "Internet Chess Club"]
[Date "2011.03.19"]
[Round "6"]
[White "seattleblues"]
[Black "arconia"]
[Result "1-0"]
[WhiteElo "1457"]
[BlackElo "1305"]
[Opening "Sicilian: Alapin's variation (2.c3)"]
[ECO "B22"]
[Time "20:21:40"]
[TimeControl "2700+45"]

1. e4 c5 2. c3 Nc6 3. d4 cxd4 4. cxd4 e6 5. Nf3 a6 6. a4 Nge7 7. Bd3 Ng6 8. O-O
Be7 9. Nc3 O-O 10. Be3 d5 11. e5 f6 12. Bxg6 hxg6 13. Nh4 Qe8 14. Qg4 g5 15.
exf6 gxf6 16. Qg3 Rf7 17. f4 Rg7 18. fxg5 fxg5 19. Nf3 Bf6 20. Ne5 Bd8 21. Ng4
Rg6 22. Rf3 b6 23. Raf1 Ra7 24. Rf8+ Qxf8 25. Rxf8+ Kxf8 26. Qd6+ Ne7 27. Qxd8+
Kf7 28. Ne5+ Kf6 29. Nxg6 Kxg6 30. Qe8+ Kf5 31. Qf7+ Kg4 32. Qf3+ {Black
resigns} 1-0

[Event "Team 45 45 League T48"]
[Site "Internet Chess Club"]
[Date "2011.03.20"]
[Round "6"]
[White "shamos1"]
[Black "Conjurer"]
[Result "1/2-1/2"]
[WhiteElo "1290"]
[BlackElo "1203"]
[Opening "English: Carls' Bremen system"]
[ECO "A22"]
[Time "12:18:25"]
[TimeControl "2700+45"]

1. c4 Nf6 2. Nc3 e5 3. g3 Nc6 4. d3 d6 5. Bg2 g6 6. Nf3 Bg7 7. O-O O-O 8. Bd2
Bd7 9. Qc1 Re8 10. e4 Nb4 11. Qb1 c5 12. a3 Nc6 13. b4 b6 14. Nd5 Rb8 15. Qc1
Ne7 16. Bg5 Nfxd5 17. cxd5 Bb5 18. Qd2 Qd7 19. Rab1 f5 20. Rfc1 fxe4 21. dxe4
Rf8 22. Bh6 Qg4 23. Nh4 Rf6 24. Bxg7 Kxg7 25. f3 Qc8 26. Qg5 Qf8 27. Bh3 Ng8 28.
Nf5+ Kh8 29. Nh4 Be2 30. Bg2 h6 31. Qe3 Bb5 32. Ra1 Bd7 33. Rf1 g5 34. Nf5 Bxf5
35. exf5 Rxf5 36. Bh3 Rf6 37. Qd3 Qe7 38. Rae1 Qc7 39. Rc1 Rbf8 40. Bg4 Ne7 41.
Rc2 Qb7 42. Be6 Nf5 43. g4 Nd4 44. Rcf2 Nxe6 45. dxe6 Rxe6 46. Kg2 Rf4 47. Rh1
Qc6 48. h4 Rxg4+ 49. Kf1 Rf4 50. hxg5 Kg7 51. gxh6+ Rxh6 52. Rxh6 Kxh6 53. Rh2+
Kg5 54. Rg2+ Kf6 55. Qg6+ Ke7 56. Qg7+ Rf7 57. Qg5+ Rf6 58. Qg7+ Rf7 59. Qg5+
Ke8 60. Qg8+ Rf8 61. Qg6+ Kd8 62. Qg5+ Kc8 63. Qg4+ Qd7 64. Qe4 Qb5+ 65. Kf2 Kb8
66. Rg7 Qa6 67. Qd5 b5 68. Rd7 c4 69. Rxd6 Qb7 70. Rd8+ Rxd8 71. Qxd8+ Qc8 72.
Qd6+ Qc7 73. Qf8+ Kb7 74. Qf5 c3 75. Qe4+ Kb6 76. Qe3+ Ka6 77. Qh6+ Qb6+ 78.
Qxb6+ Kxb6 79. Ke2 Kc6 80. Kd3 Kd5 81. Kxc3 a6 82. Kd3 Ke6 83. Ke4 Kf6 84. f4
exf4 85. Kxf4 Ke6 86. Ke4 Kd6 87. Kd4 Kc6 88. Kc3 Kd5 89. Kd3 Kc6 90. Kd4 Kd6
91. Ke4 Kc6 92. Ke5 Kc7 93. Kd5 Kb6 94. Kd6 a5 95. Kd5 axb4 96. axb4 Kb7 97. Kc5
Kc7 98. Kxb5 Kb7 99. Kc5 Kc7 100. b5 Kb7 101. Kb4 Kb6 102. Kc4 Kb7 103. Kc5 Kc7
104. b6+ Kb7 105. Kb5 Kb8 106. Kc6 Kc8 107. Kb5 Kb7 108. Ka5 Kb8 109. Ka6 Ka8
110. Kb5 Kb7 111. Kc5 Kb8 112. Kb5 Kb7 113. Ka5 Kb8 114. Kb5 Kb7 115. Kc5 Kb8
116. Kc6 Kc8 117. Kd6 Kb7 118. Kc5 Kb8 119. Kc6 Kc8 120. b7+ Kb8 121. Kb6 {Black
stalemated} 1/2-1/2

[Event "Team 45 45 League T48"]
[Site "Internet Chess Club"]
[Date "2011.03.20"]
[Round "6"]
[White "Wheels"]
[Black "koni"]
[Result "0-1"]
[WhiteElo "1845"]
[BlackElo "1950"]
[Opening "Sicilian: Grand Prix attack"]
[ECO "B23"]
[Time "13:42:51"]
[TimeControl "2700+45"]

1. e4 c5 2. Nc3 Nc6 3. f4 g6 4. Nf3 Bg7 5. Bb5 e6 6. O-O Nd4 7. Ba4 a6 8. d3 b5
9. Bb3 Ne7 10. e5 d5 11. exd6 Qxd6 12. Ne4 Qc7 13. c3 Nxf3+ 14. Qxf3 Bb7 15. Qe2
O-O 16. Be3 c4 17. Bc2 cxd3 18. Bxd3 Rfd8 19. Rad1 Nd5 20. Bc1 Rd7 21. Qf2 Nf6
22. Nxf6+ Bxf6 23. Be3 Qc6 24. Be2 Rad8 25. Bb6 Rxd1 26. Rxd1 Rxd1+ 27. Bxd1 Bh4
{White resigns} 0-1

[Event "Team 45 45 League T48"]
[Site "Internet Chess Club"]
[Date "2011.03.18"]
[Round "6"]
[White "BigH"]
[Black "giltar"]
[Result "1-0"]
[WhiteElo "1812"]
[BlackElo "1829"]
[Opening "French: King's Indian attack"]
[ECO "C00"]
[Time "09:01:50"]
[TimeControl "2700+45"]

1. e4 e6 2. d3 d5 3. Nc3 d4 4. Nce2 c5 5. f4 Nc6 6. Nf3 Nge7 7. g3 Ng6 8. Bg2 h5
9. h4 Bd7 10. O-O Qb6 11. c3 O-O-O 12. cxd4 cxd4 13. Bd2 Bb4 14. a4 e5 15. f5
Nge7 16. a5 Nxa5 17. Nxe5 Bxd2 18. Qxd2 Nb3 19. Qc2+ Nc6 20. Ra3 Nc5 21. Nxf7
Rde8 22. Rc1 Nxe4 23. Bxe4 Rxe4 24. Nd6+ Kd8 25. Nxe4 Re8 26. Rb3 Qc7 27. Nxd4
Qe5 28. Nxc6+ Bxc6 29. Qc5 {Black resigns} 1-0

[Event "Team 45 45 League T48"]
[Site "Internet Chess Club"]
[Date "2011.03.20"]
[Round "6"]
[White "Philly-Boy"]
[Black "Nakke"]
[Result "0-1"]
[WhiteElo "1822"]
[BlackElo "1681"]
[Opening "Old Benoni defense"]
[ECO "A44"]
[Time "18:03:17"]
[TimeControl "2700+45"]

1. d4 c5 2. d5 e5 3. c4 d6 4. Nc3 f5 5. g3 Nf6 6. Bg2 Be7 7. e4 O-O 8. Nge2 fxe4
9. Nxe4 Nxe4 10. Bxe4 Bh3 11. Qc2 h6 12. f4 Nd7 13. Bd2 Rb8 14. Rg1 Bg4 15. Bc3
b5 16. cxb5 Rxb5 17. O-O-O Bf6 18. h3 Bxe2 19. Qxe2 Rb8 20. Qh5 Re8 21. Bf5 Nf8
22. Rge1 e4 23. Rxe4 Bxc3 24. Rxe8 Bxb2+ 25. Kc2 Qxe8 26. Qxe8 Rxe8 27. Kxb2
Re2+ 28. Kb3 g6 29. Bb1 Kf7 30. Rd3 Nd7 31. Ka4 c4 32. Rd1 Rb2 33. Ka3 Rg2 34.
g4 Nb6 35. Re1 Rg3+ 36. Kb4 Rxh3 37. Re6 Nxd5+ 38. Kxc4 Kxe6 39. f5+ gxf5 40.
gxf5+ Ke5 {White resigns} 0-1

[Event "Team 45 45 League T48"]
[Site "Internet Chess Club"]
[Date "2011.03.23"]
[Round "6"]
[White "ScotchYeti"]
[Black "Monsieur"]
[Result "1-0"]
[WhiteElo "1655"]
[BlackElo "1536"]
[Opening "QP counter-gambit (elephant gambit)"]
[ECO "C40"]
[Time "15:01:08"]
[TimeControl "2700+45"]

1. e4 e5 2. Nf3 d5 3. exd5 e4 4. Ne5 Qxd5 5. Nc4 Bc5 6. Nc3 Qf5 7. Ne3 Bxe3 8.
dxe3 c6 9. Be2 Nf6 10. O-O O-O 11. Bc4 b5 12. Bb3 Bb7 13. Ne2 Nbd7 14. Nd4 Qg6
15. Qe2 Nc5 16. Rd1 Nxb3 17. Nxb3 Nd5 18. Nc5 Bc8 19. Rd4 Bh3 20. Qf1 f5 21. Kh1
Bg4 22. c4 bxc4 23. Qxc4 Kh8 24. Nd7 Rfe8 25. b3 a5 26. Bb2 Nb4 27. Nc5 Rad8 28.
Rxd8 Rxd8 29. Bd4 Rd5 30. a3 Nd3 31. Nxd3 Be2 32. Ne5 {Black resigns} 1-0

[Event "Team 45 45 League T48"]
[Site "Internet Chess Club"]
[Date "2011.03.19"]
[Round "6"]
[White "SlimeDog2"]
[Black "viking99"]
[Result "1-0"]
[WhiteElo "2058"]
[BlackElo "1843"]
[Opening "QGD: Ragozin variation"]
[ECO "D38"]
[Time "21:02:39"]
[TimeControl "2700+45"]

1. Nf3 d5 2. d4 Nf6 3. c4 e6 4. Nc3 Bb4 5. cxd5 Nxd5 6. Bd2 O-O 7. e4 Nb6 8. Bd3
f5 9. exf5 Bxc3 10. bxc3 exf5 11. O-O Be6 12. Re1 Qd6 13. Ng5 Bd5 14. Qc2 h6 15.
Nh3 Nc6 16. c4 Nxd4 17. Qc3 Bxg2 18. Nf4 Bf3 19. c5 Qf6 20. cxb6 cxb6 21. Bc4+
Kh7 22. Be3 Qg5+ 23. Kf1 Nc6 24. Bd2 Rad8 25. Qxf3 Rxd2 26. Ne6 Qf6 27. Nxf8+
Qxf8 28. Rad1 Rxd1 29. Rxd1 Ne5 30. Qf4 Qf6 31. Rd5 Nxc4 32. Qxc4 h5 33. Qf4 Qc6
34. Qxf5+ {Black resigns} 1-0

[Event "Team 45 45 League T48"]
[Site "Internet Chess Club"]
[Date "2011.03.21"]
[Round "6"]
[White "DaveTheRook"]
[Black "RosewoodTele"]
[Result "1/2-1/2"]
[WhiteElo "1740"]
[BlackElo "1835"]
[Opening "King's Indian: Sämisch, 5...O-O"]
[ECO "E81"]
[Time "18:45:14"]
[TimeControl "2700+45"]

1. d4 Nf6 2. c4 g6 3. Nc3 Bg7 4. e4 d6 5. f3 O-O 6. Be3 c5 7. Nge2 cxd4 8. Nxd4
Nc6 9. Qd2 Nxd4 10. Bxd4 Qa5 11. Be2 h5 12. O-O Be6 13. Rfd1 Rfc8 14. Nd5 Qxd2
15. Rxd2 Bxd5 16. cxd5 Nd7 17. Bxg7 Kxg7 18. Kf2 Rc7 {Game drawn by mutual
agreement} 1/2-1/2

[Event "Team 45 45 League T48"]
[Site "Internet Chess Club"]
[Date "2011.03.20"]
[Round "6"]
[White "musk6868"]
[Black "badmove"]
[Result "1-0"]
[WhiteElo "1922"]
[BlackElo "1728"]
[Opening "Bogo-Indian defense, Nimzovich variation"]
[ECO "E11"]
[Time "16:06:35"]
[TimeControl "2700+45"]

1. d4 Nf6 2. Nf3 e6 3. c4 Bb4+ 4. Bd2 Qe7 5. Nc3 O-O 6. e3 d6 7. Be2 b6 8. O-O
Bb7 9. Rc1 Bxc3 10. Bxc3 Nbd7 11. Re1 Ne4 12. b3 f5 13. Bb2 Rad8 14. Bf1 Rf7 15.
g3 g5 16. Bg2 Ba8 17. Nd2 Nxd2 18. Qxd2 Bxg2 19. Kxg2 Nf6 20. Qc2 Nd7 21. c5
dxc5 22. dxc5 Nxc5 23. Qc3 e5 24. Red1 Rxd1 25. Rxd1 Ne4 26. Qc6 g4 27. Rd5 Rf6
28. Qc4 Nd6 29. Rxd6+ {Black resigns} 1-0

[Event "Team 45 45 League T48"]
[Site "Internet Chess Club"]
[Date "2011.03.20"]
[Round "6"]
[White "malihini"]
[Black "jjaillet2007"]
[Result "0-1"]
[WhiteElo "1180"]
[BlackElo "1303"]
[Opening "French: Labourdonnais variation"]
[ECO "C00"]
[Time "19:00:44"]
[TimeControl "2700+45"]

1. e4 e6 2. f4 d5 3. e5 c5 4. d3 Nc6 5. a4 c4 6. d4 Bb4+ 7. c3 Ba5 8. Nf3 Nge7
9. Be2 O-O 10. O-O f6 11. b4 cxb3 12. Qxb3 fxe5 13. Nxe5 Nxe5 14. fxe5 Rxf1+ 15.
Bxf1 Nf5 16. Qc2 Qh4 17. g3 Qe4 18. Qxe4 dxe4 19. Bg2 e3 20. Bf3 Bd8 21. Kf1 Bg5
22. Ke2 Rb8 23. g4 Nh4 24. Bxe3 Bxe3 25. Kxe3 b6 26. Nd2 Bb7 27. Bxb7 Rxb7 28.
Rf1 Rf7 29. Rxf7 Kxf7 30. c4 Ng2+ 31. Kf3 Ne1+ 32. Ke4 Nc2 33. a5 bxa5 34. c5
Nb4 35. Nc4 a4 36. Ke3 Ke7 37. Kd2 Kd7 38. Kc3 Nd5+ 39. Kb2 Kc6 40. Nd6 Ne7 41.
Ka3 Kd5 42. Kxa4 Kxd4 43. Kb5 a6+ 44. Kb6 Kxe5 45. Nb7 Kd5 46. Kxa6 e5 47. Kb5
e4 48. Kb4 Kd4 49. Na5 e3 50. Nb3+ Kd3 51. Nc1+ Kc2 52. Ne2 Kd3 53. Ng3 e2 54.
Nxe2 Kxe2 55. Kb5 Kf3 56. c6 Nxc6 57. Kxc6 Kxg4 58. Kd6 h5 59. Ke6 h4 60. Kf7
Kh3 {White resigns} 0-1

[Event "Team 45 45 League T48"]
[Site "Internet Chess Club"]
[Date "2011.03.19"]
[Round "6"]
[White "Sandia"]
[Black "dpmdpm"]
[Result "0-1"]
[WhiteElo "1329"]
[BlackElo "1494"]
[Opening "Sicilian defense"]
[ECO "B20"]
[Time "09:02:53"]
[TimeControl "2700+45"]

1. e4 c5 2. Bc4 d6 3. Nf3 e6 4. Nc3 Nf6 5. d3 Be7 6. h3 a6 7. a3 b5 8. Ba2 Bb7
9. Qe2 O-O 10. Bf4 Nbd7 11. g4 Kh8 12. Nd2 Qb6 13. Be3 Qc6 14. f3 d5 15. d4 cxd4
16. Bxd4 dxe4 17. Ndxe4 Nxe4 18. Nxe4 Bh4+ 19. Bf2 Bxf2+ 20. Kxf2 Rac8 21. Rac1
Rfd8 22. Ng5 Qc5+ 23. Qe3 Qxe3+ 24. Kxe3 Kg8 25. c3 h6 26. Ne4 Nc5 27. Nxc5 Rxc5
28. Rcd1 Rcc8 29. Bb3 Kf8 30. Rxd8+ Rxd8 31. Rd1 Rxd1 32. Bxd1 Ke7 33. Kd4 Kd6
34. f4 g5 35. fxg5 hxg5 36. c4 e5+ 37. Kc3 bxc4 38. Kxc4 Bg2 39. Kb4 e4 40. Ka5
Bf1 41. b4 e3 42. a4 e2 43. Bxe2 Bxe2 44. b5 axb5 45. axb5 Kc7 46. Ka6 Kb8 47.
Kb6 Bf1 48. Kc6 Bxh3 49. Kd6 Bxg4 50. Ke5 Be2 51. Kf6 g4 {White resigns} 0-1

[Event "Team 45 45 League T48"]
[Site "Internet Chess Club"]
[Date "2011.03.18"]
[Round "6"]
[White "otib2006"]
[Black "anatolybcn"]
[Result "1-0"]
[WhiteElo "1227"]
[BlackElo "1225"]
[Opening "Sicilian defense"]
[ECO "B20"]
[Time "17:00:20"]
[TimeControl "2700+45"]

1. e4 c5 2. Bc4 d6 3. Nf3 Bg4 4. O-O Nf6 5. Nc3 e5 6. d3 a6 7. Bg5 Be7 8. h3 Bh5
9. Nd5 Nc6 10. g4 Bg6 11. Nh4 Nd7 12. Bxe7 Nxe7 13. Nxe7 Qxe7 14. Nxg6 hxg6 15.
Qf3 Nf6 16. Qg3 g5 17. a3 O-O-O 18. b4 Rh4 19. bxc5 dxc5 20. Kg2 Rdh8 21. Rh1
Nd7 22. Qf3 f6 23. Qf5 Kc7 24. Qe6 Qf8 25. Rab1 R8h6 26. Bd5 b5 27. Qc6+ Kd8 28.
Qa8+ Ke7 29. Qxa6 Qh8 30. Qe6+ Kd8 31. Bc6 Qe8 32. Qd6 Qe7 33. Qxd7+ Qxd7 34.
Bxd7 Kxd7 35. Rxb5 Kc6 36. Rb8 g6 37. a4 f5 38. f3 fxg4 39. fxg4 Rh7 40. a5 Ra7
41. Rb6+ Kd7 42. Rxg6 Rxa5 43. Rxg5 Ra2 44. Kg3 Rh6 {Black resigns} 1-0

[Event "Team 45 45 League T48"]
[Site "Internet Chess Club"]
[Date "2011.03.19"]
[Round "6"]
[White "Mclintock45"]
[Black "PsyMar"]
[Result "0-1"]
[WhiteElo "949"]
[BlackElo "1309"]
[Opening "Two knights defense"]
[ECO "C55"]
[Time "12:00:23"]
[TimeControl "2700+45"]

1. e4 e5 2. Nf3 Nc6 3. d4 exd4 4. Bc4 Nf6 5. O-O d5 6. exd5 Na5 7. Re1+ Be7 8.
Bb5+ c6 9. dxc6 Nxc6 10. Nxd4 O-O 11. Nxc6 bxc6 12. Bxc6 Rb8 13. h3 Qc7 14. Bf4
Qxf4 15. Nc3 Qc7 16. Qf3 Rxb2 17. Ba4 Rb8 18. Nd5 Nxd5 19. Qxd5 Rd8 20. Qh5 Be6
21. Re5 Bxa2 22. Rxa2 Rb1+ 23. Kh2 f6 24. g3 Qxe5 25. Qxe5 fxe5 26. c4 Rdd1 27.
Re2 Bf6 28. Bxd1 Rxd1 29. c5 Rc1 30. Ra2 Rxc5 31. Rxa7 Rc2 32. Ra8+ Kf7 33. Ra7+
Kg6 34. Kg2 e4 35. Kf1 Bd4 36. Ra6+ Kf5 37. Rd6 Bxf2 38. g4+ Ke5 39. Rd7 Kf6 40.
Rd6+ Ke7 41. Ra6 e3 42. g5 Rc1+ 43. Ke2 Re1+ 44. Kf3 Rd1 45. Ra2 Ke6 46. h4 Rd2
47. Ra1 Kf5 48. Ra5+ Ke6 49. Ra6+ Rd6 50. Kg2 Rxa6 51. Kf3 Bxh4 52. Kxe3 Bxg5+
53. Kd4 Be3+ 54. Kxe3 Ra4 55. Kd3 Ke5 56. Kc3 Rf4 57. Kd3 Rh4 58. Kc3 Kd5 59.
Kd3 Rh3+ 60. Ke2 Kd4 61. Kf2 Ke4 62. Kg2 Rf3 63. Kh2 Ke3 64. Kg2 Rf5 65. Kg3
Rg5+ 66. Kh2 Kf3 67. Kh1 Kf2 68. Kh2 Rh5# {White checkmated} 0-1

[Event "Team 45 45 League T48"]
[Site "Internet Chess Club"]
[Date "2011.03.18"]
[Round "6"]
[White "Traho"]
[Black "guyd52"]
[Result "1-0"]
[WhiteElo "1186"]
[BlackElo "1236"]
[Opening "Scotch game"]
[ECO "C45"]
[Time "18:10:08"]
[TimeControl "2700+45"]

1. e4 e5 2. Nf3 Nc6 3. d4 exd4 4. Nxd4 Nxd4 5. Qxd4 d6 6. Be2 Nf6 7. Nc3 Be6 8.
O-O g6 9. Bg5 c5 10. Bb5+ Bd7 11. Bxd7+ Qxd7 12. Qxf6 Rg8 13. Qf3 Be7 14. Bxe7
Qxe7 15. Nd5 Qe5 16. Nc7+ Ke7 17. Nxa8 Rxa8 18. c3 b5 19. Rad1 a5 20. Rd5 Qe6
21. Rfd1 Rd8 22. Qe3 f6 23. b4 axb4 24. cxb4 cxb4 25. R1d2 Ra8 26. f3 Qc8 27.
Qe1 Qc3 28. Rxd6 Rxa2 29. Rd7+ Ke6 30. R2d6+ Ke5 31. Qxc3+ bxc3 32. Rd1 c2 33.
Rc1 Rb2 34. Rc7 b4 35. R7xc2 Rxc2 36. Rxc2 Kd4 37. Rc6 b3 38. Rb6 Kc3 39. Kf2 b2
40. Ke3 Kc2 41. Rxb2+ Kxb2 42. Kd4 Kc2 43. g4 Kd2 44. h4 Ke2 45. f4 Kf3 46. e5
h5 47. gxh5 g5 48. hxg5 fxg5 49. fxg5 Kg4 50. e6 Kxg5 51. Kd5 Kxh5 52. Kd6 Kg4
53. e7 Kg3 54. e8=Q Kf3 55. Qe5 Kf2 56. Qe4 Kg3 57. Kd5 Kf2 58. Kd4 Kg3 59. Kd3
Kf2 60. Qf4+ Kg2 61. Ke3 Kg1 62. Kf3 Kh1 63. Qd2 Kg1 64. Qg2# {Black checkmated}
1-0

[Event "Team 45 45 League T48"]
[Site "Internet Chess Club"]
[Date "2011.03.21"]
[Round "6"]
[White "wekabird"]
[Black "BosqueVerde"]
[Result "0-1"]
[WhiteElo "1185"]
[BlackElo "1294"]
[Opening "English: Sicilian reversed"]
[ECO "A25"]
[Time "21:01:05"]
[TimeControl "2700+45"]

1. c4 e5 2. Nc3 Nc6 3. e4 Nf6 4. d3 Bc5 5. h3 d6 6. Nf3 Be6 7. b3 a6 8. Rb1 Nd4
9. Nxd4 Bxd4 10. Ne2 Ba7 11. g3 O-O 12. Bg2 c5 13. O-O Qd7 14. Kh2 b5 15. f4 Qe7
16. fxe5 dxe5 17. Bg5 Kh8 18. Bxf6 gxf6 19. Rf3 Rg8 20. Qf1 Rg6 21. Qf2 Rag8 22.
Rf1 h5 23. Rxf6 h4 24. g4 Qd7 25. Qxh4+ Kg7 26. Rxg6+ fxg6 27. g5 Rh8 28. Qg3
Bb8 29. Rf3 Bg4 30. Re3 Bd6 31. Kg1 Bxe2 32. Rxe2 Bc7 33. Re3 Qd4 34. Qf2 Rf8
35. Rf3 Qa1+ 36. Kh2 Rxf3 37. Bxf3 Ba5 38. Bg4 Bd8 39. Be6 Bxg5 40. Qf7+ Kh6 41.
Qf8+ Kh5 42. Qh8+ Bh6 43. Qxe5+ Qxe5+ {White resigns} 0-1

[Event "Team 45 45 League T48"]
[Site "Internet Chess Club"]
[Date "2011.03.17"]
[Round "6"]
[White "jocooper"]
[Black "Conjurer"]
[Result "1-0"]
[WhiteElo "1150"]
[BlackElo "1199"]
[Opening "Queen's pawn game"]
[ECO "D05"]
[Time "21:19:26"]
[TimeControl "2700+45"]

1. d4 Nf6 2. Nf3 e6 3. e3 d5 4. Bd3 Be7 5. O-O O-O 6. Nbd2 c5 7. c3 Nbd7 8. Re1
a6 9. e4 b5 10. e5 Ne8 11. Qc2 f5 12. exf6 Ndxf6 13. Ng5 g6 14. Ndf3 Ng7 15. Bf4
c4 16. Bf1 Qb6 17. Ne5 Nfh5 18. Nxg6 hxg6 19. Qxg6 Rxf4 20. Qh7+ Kf8 21. Qh8#
{Black checkmated} 1-0

[Event "Team 45 45 League T48"]
[Site "Internet Chess Club"]
[Date "2011.03.20"]
[Round "6"]
[White "WilmaP"]
[Black "WannaB"]
[Result "0-1"]
[WhiteElo "1079"]
[BlackElo "978"]
[Opening "Sicilian: Nimzovich-Rossolimo attack (without ...d6)"]
[ECO "B30"]
[Time "16:01:31"]
[TimeControl "2700+45"]

1. e4 c5 2. Nf3 Nc6 3. Bb5 Nf6 4. d3 a6 5. Bxc6 dxc6 6. Nbd2 Bg4 7. h3 Bxf3 8.
Qxf3 Qb8 9. Nb3 Qd6 10. Bf4 e5 11. Be3 g6 12. Nxc5 Rb8 13. O-O Qd8 14. Bg5 Bxc5
15. Bxf6 Qd4 16. Bxh8 Qxb2 17. c4 Bd4 18. Qg3 Qe2 19. Bxe5 Bxa1 20. Bxb8 Qxa2
21. Be5 Bxe5 22. Qf4 Bxf4 23. g3 Be3 24. fxe3 Qd2 25. Rb1 b5 26. cxb5 axb5 27.
Rb3 Qxe3+ 28. Kg2 Qe2+ 29. Kg1 Qd1+ 30. Kg2 Qxb3 {White resigns} 0-1

[Event "Team 45 45 League T48"]
[Site "Internet Chess Club"]
[Date "2011.03.21"]
[Round "6"]
[White "Chatica"]
[Black "TerryMalloy"]
[Result "1-0"]
[WhiteElo "2114"]
[BlackElo "1871"]
[Opening "Blackmar-Diemer gambit"]
[ECO "D00"]
[Time "21:30:02"]
[TimeControl "2700+45"]

1. d4 Nf6 2. Nc3 d5 3. e4 dxe4 4. f3 Bf5 5. fxe4 Nxe4 6. Qf3 Nd6 7. Bf4 e6 8.
O-O-O Nd7 9. g4 Bg6 10. h4 h5 11. g5 c6 12. Bd3 Bxd3 13. Qxd3 Nf5 14. Nf3 g6 15.
Rhe1 Bg7 16. d5 Nb6 17. d6 O-O 18. Ne4 Nd5 19. Be5 Qa5 20. Bxg7 Kxg7 21. Kb1
Rfd8 22. c4 Nb6 23. b3 Nd7 24. Qc2 Kf8 25. Qb2 Ng7 26. c5 b6 27. Nf6 bxc5 28.
Nxd7+ Rxd7 29. Qf6 Qd8 30. Ne5 Kg8 31. Nxd7 Qxd7 32. Re5 Nf5 33. Rxc5 Ne3 34.
Rd2 Rd8 35. Qe7 Nf5 36. Qxd7 Rxd7 37. Rxc6 Nxh4 38. Rc8+ Kg7 39. Rc7 Rd8 40. d7
Kf8 41. Rd3 Ke7 42. Rxa7 Nf5 43. a4 Nd6 44. a5 Ne4 45. a6 Nxg5 {Black resigns}
1-0

[Event "Team 45 45 League T48"]
[Site "Internet Chess Club"]
[Date "2011.03.19"]
[Round "6"]
[White "kasperloff"]
[Black "Gregorio"]
[Result "1-0"]
[WhiteElo "1981"]
[BlackElo "2004"]
[Opening "Queen's Indian: old main line, 7.Nc3"]
[ECO "E18"]
[Time "10:35:59"]
[TimeControl "2700+45"]

1. d4 Nf6 2. c4 e6 3. Nf3 b6 4. g3 Bb7 5. Bg2 Be7 6. O-O O-O 7. Nc3 c5 8. d5
exd5 9. cxd5 d6 10. e4 Na6 11. Re1 Nd7 12. Bf4 Nc7 13. a4 a6 14. Qd3 Re8 15. e5
dxe5 16. Nxe5 Nxe5 17. Bxe5 Bd6 18. Bxd6 Qxd6 19. Ne4 Qg6 20. d6 Rad8 21. Rad1
Ne6 22. Nf6+ Qxf6 23. Bxb7 Nd4 24. d7 Re7 25. Rxe7 Qxe7 26. Bc8 a5 27. Qe3 Kf8
28. Qxe7+ Kxe7 29. Re1+ Kd6 30. Re4 Nc6 31. Rg4 g6 32. Rh4 h5 33. Rf4 f5 34. Rf3
Ne5 35. Rb3 Kc7 36. Re3 Nxd7 37. Ba6 Nf6 38. Re6 Rd6 39. Re7+ Kc6 40. Bb7#
{Black checkmated} 1-0